 Dungeon Crawl Stone Soup version 0.21-a0-522-ga8338f0 (webtiles) character file.

32 dvd the Grave Robber (level 3, 0/16 HPs)
             Began as a Vine Stalker Necromancer on Dec 6, 2017.
             Succumbed to Crazy Yiuf's poison
             ... on level 2 of the Dungeon.
             The game lasted 00:04:53 (1728 turns).

dvd the Grave Robber (Vine Stalker Necromancer)     Turns: 1728, Time: 00:04:54

Health: 0/16       AC:  3    Str: 10    XL:     3   Next: 27%
Magic:  0/8        EV: 12    Int: 16    God:
Gold:   32         SH:  0    Dex: 14    Spells: 0/7 levels left

rFire    . . .     SeeInvis .   h - +0 dagger
rCold    . . .     Gourm    +   (no shield)
rNeg     . . .     Faith    .   a - +0 robe
rPois    .         Spirit   +   (no helmet)
rElec    .         Reflect  .   (no cloak)
rCorr    .         Harm     .   (no gloves)
MR       .....                  (no boots)
Stlth    ++........             n - amulet of the gourmand
HPRegen  0.05/turn              i - +1 ring of protection
MPRegen  0.11/turn              o - ring of wizardry

@: lethally poisoned (0 -> -18), hasted, very quick
A: fangs 2, magic shield, antimagic bite, no potion heal 3, rot immunity
a: no special abilities


You were on level 2 of the Dungeon.
You were not hungry.

You visited 1 branch of the dungeon, and saw 2 of its levels.

You collected 32 gold pieces.

Inventory:

Hand Weapons
 e - a +0 club
 g - a +0 whip
 h - a +0 dagger (weapon)
Armour
 a - a +0 robe (worn)
Jewellery
 i - a +1 ring of protection (left hand)
 n - an amulet of the gourmand (around neck)
 o - a ring of wizardry (right hand)
Scrolls
 f - a scroll of teleportation {unknown}
 j - 3 scrolls of identify {unknown}
 k - a scroll of remove curse {unknown}
 p - a scroll of amnesia {unknown}
Books
 b - a book of Necromancy

   Spells                             Type                      Level
   a - Pain                           Necromancy                   1
   b - Animate Skeleton               Necromancy                   1
   c - Vampiric Draining              Necromancy                   3
   d - Regeneration                   Charms/Necromancy            3
   e - Animate Dead                   Necromancy                   4
   f - Control Undead                 Necromancy                   4
Comestibles
 c - 2 bread rations
 l - a royal jelly
 m - a meat ration


   Skills:
 + Level 1.7 Dodging
 + Level 2.7 Stealth
 + Level 2.7 Spellcasting
 + Level 4.5 Necromancy


You couldn't memorise any spells.
You knew the following spells:

 Your Spells              Type           Power        Failure   Level  Hunger
a - Pain                  Necr           ###.         1%          1    #......
b - Vampiric Draining     Necr           ###.......   3%          3    ###....
c - Regeneration          Chrm/Necr      #.........   9%          3    ###....


Dungeon Overview and Level Annotations

Branches:
Dungeon (2/15)

Altars:
Trog

Annotations:
D:2 Crazy Yiuf


Innate Abilities, Weirdness & Mutations

You have extremely sharp teeth.
When hurt, damage is shared between your health and your magic reserves.
Your bite disrupts and absorbs the magic of your enemies.
Potions cannot restore your health.
You are immune to rotting.


Message History

Press: ? - help, Shift-Dir - straight line, f/p - Crazy Yiuf
Aim: Crazy Yiuf, wielding a quarterstaff of chaos and wearing a cloak (heavily wounded, chance to defeat MR: 81%) Crazy Yiuf barely resists.
Crazy Yiuf hits you with a quarterstaff of chaos!
Crazy Yiuf draws strength from your wounds!
Unknown command.
Casting: Pain
Confirm with . or Enter, or press ? or * to list all spells.
Aiming: Vampiric Draining
Press: ? - help, Shift-Dir - straight line, f/p - Crazy Yiuf
Aim: Crazy Yiuf, wielding a quarterstaff of chaos and wearing a cloak Crazy Yiuf is moderately wounded.
You feel life coursing into your body.
Crazy Yiuf hits you with a quarterstaff of chaos!
Ouch! That really hurt!
* * * LOW HITPOINT WARNING * * *
You are lethally poisoned!
Unknown command.
It was a potion of haste.
You feel yourself speed up.
You die...

#..###....#..#...####.#####..##..
#............#...# #.# #...)...
#..####...#....... ... ##..##..
.............#...####.## #..##..
#..........####### #######..##..
...........# #......##..
#..........# ##### ##......##..
...........# #)g)# #...........
......... #.@.# #...........
......... #...# #.......###.
........ ##'## ####........ ....
#.## #..#####. ##... ##)# ###..#
#. ..... #.## .....#####. .....
##.# ####........ ###.# ##)##
#........... ##P..# #...........


You could see Crazy Yiuf.

Vanquished Creatures
  A worm (D:2)
  A dart slug (D:1)
  2 leopard geckos
  4 goblins (D:1)
  5 hobgoblins
  4 bats (D:1)
  4 kobolds
  3 rats
24 creatures vanquished.

Notes
Turn   | Place    | Note
-------+----------+-------------------------------------------
     0 | D:1      | dvd the Vine Stalker Necromancer began the quest for the Orb.
     0 | D:1      | Reached XP level 1. HP: 9/9 MP: 4/4
   276 | D:1      | Reached XP level 2. HP: 6/13 MP: 6/6
  1087 | D:1      | Reached XP level 3. HP: 11/16 MP: 4/7
  1190 | D:2      | Learned a level 3 spell: Vampiric Draining
  1194 | D:2      | Learned a level 3 spell: Regeneration
  1629 | D:2      | Found a bloodstained altar of Trog.
  1711 | D:2      | Found a runed door.
  1715 | D:2      | Noticed Crazy Yiuf
  1728 | D:2      | Succumbed to Crazy Yiuf's poison

Vault maps used:
D:1:      dpeg_arrival_rooms_b
D:2:      trog_three_pillars_becter, uniq_crazy_yiuf_cottage

Action                   || total
-------------------------++-------
Melee: Club              ||     8
       Bite              ||     6
       Unarmed           ||     1
       Dagger            ||    11
       Whip              ||    11
 Cast: Pain              ||    32
       Vampiric Draining ||     2
       Regeneration      ||     2
  Use: Potion            ||     1
 Stab: Sleeping          ||     9
  Eat: Chunk             ||     7
Armor: Robe              ||    11
Dodge: Dodged            ||    22

Table legend:
 A = Spawn XP
 B = Non-spawn XP
 C = Spawn XP percentage of total XP
 D = Spawn monster count
 E = Non-spawn monster count
 F = Spawn count percentage of total count
 G = Total turns spent on level
                    A         B        C        D         E        F      G
               +---------+---------+-------+---------+---------+-------+---------
         Total |       0 |      47 |   0.0 |       0 |      24 |   0.0 |  1728
               +---------+---------+-------+---------+---------+-------+---------
           D:1 |       0 |      34 |   0.0 |       0 |      19 |   0.0 |  1234
           D:2 |       0 |      13 |   0.0 |       0 |       5 |   0.0 |   494
               +---------+---------+-------+---------+---------+-------+---------
